 Dungeon Crawl Stone Soup version 0.22.1-1-ga44c0e5 (webtiles) character file.

58 Golfball the Cudgeler (level 4, 0/28 HPs)
             Began as a Gargoyle Fighter on Sept 19, 2018.
             Slain by a goblin (4 damage)
             ... led by Robin
             ... on level 2 of the Dungeon.
             The game lasted 00:05:44 (1427 turns).

Golfball the Cudgeler (Gargoyle Fighter)            Turns: 1427, Time: 00:05:44

Health: 0/28       AC: 10    Str: 25    XL:     4   Next: 1%
Magic:  4/4        EV:  7    Int:  9    God:
Gold:   39         SH:  9    Dex:  9    Spells: 3/3 levels left

rFire    . . .     SeeInvis .   a - +0 flail
rCold    . . .     Gourm    .   c - +0 shield
rNeg     + + .     Faith    .   n - +0 scale mail
rPois    ∞         Spirit   .   (no helmet)
rElec    +         Reflect  .   (no cloak)
rCorr    +         Harm     .   (no gloves)
MR       .....                  (no boots)
Stlth    ..........             (no amulet)
HPRegen  0.09/turn              j - ring of resist corrosion
MPRegen  0.09/turn              m - ring of positive energy

@: mighty
A: negative energy resistance 1, electricity resistance, unbreathing,
petrification resistance, rot immunity, AC +3
a: no special abilities


You were on level 2 of the Dungeon.
You were not hungry.

You visited 1 branch of the dungeon, and saw 2 of its levels.

You collected 39 gold pieces.

Inventory:

Hand Weapons
 a - a +0 flail (weapon)
 b - a +0 hunting sling
Missiles
 h - 25 stones (quivered)
Armour
 c - a +0 shield (worn)
 n - a +0 scale mail (worn)
Jewellery
 j - a ring of resist corrosion (left hand)
 m - a ring of positive energy (right hand)
Scrolls
 e - 2 scrolls of remove curse {unknown}
 i - 2 scrolls of teleportation {unknown}
 k - 2 scrolls of identify
 o - a scroll of fear {unknown}
Comestibles
 f - a ration
 l - 4 chunks of flesh


   Skills:
 - Level 3.2 Fighting
 + Level 4.1 Maces & Flails
 - Level 3.2 Armour
 - Level 3.2 Shields


You had 3 spell levels left.
You didn't know any spells.
Your spell library was empty.

Dungeon Overview and Level Annotations

Branches:
Dungeon (2/15)

Altars:

Annotations:
D:2 Robin


Innate Abilities, Weirdness & Mutations

You are resistant to torment.
Your stone body is resilient. (AC +3)
You are immune to poison.
You resist negative energy. (rN+)
You are resistant to electric shocks. (rElec)
You can survive without breathing.
You are immune to petrification.
You are immune to rotting.


Message History

g - a potion of curing Robin throws the goblin at you!
You block the goblin's attack.
The hobgoblin hits you but does no damage.
The goblin completely misses you.
The rat bites you but does no damage. x2
The goblin hits you but does no damage. x2
You feel better. You block the kobold's attack. The goblin barely misses you.
The rat bites you but does no damage. You block the rat's attack.
The hobgoblin hits you but does no damage.
The goblin hits you with a club.
* * * LOW HITPOINT WARNING * * *
You block the goblin's attack. The goblin barely misses you.
You thump the rat!
You kill the rat!
The kobold hits you but does no damage. The goblin barely misses you.
The rat twitches its whiskers.
You block the rat's attack. The hobgoblin hits you with a club.
* * * LOW HITPOINT WARNING * * *
The goblin hits you but does no damage. You block the goblin's attack. x2
The kobold hits you but does no damage. The goblin hits you.
You die...

...........# #..#.#
...........# ###.g..#
...........# #.gg...#
...........# #......#
###.########
##########......# #.#
#...............#
###.####
#######............%..#
.......#
#.....ggr...............
.......#
#.....g@g...........!...
.......#
#.....ggK.......(....>..
.......#
#######......?..........
.......#
########..........
.......# #.........
.......# ... .......#
.......# .......#


You could see Robin, a hobgoblin, 4 goblins, a kobold and a rat.

Vanquished Creatures
  An ooze (D:1)
  2 worms (D:2)
  2 dart slugs
  A leopard gecko (D:2)
  A ball python (D:2)
  A giant cockroach (D:1)
  10 goblins
  6 hobgoblins
  5 kobolds (D:1)
  3 bats (D:2)
  2 frilled lizards
  6 rats
40 creatures vanquished.

Notes
Turn   | Place    | Note
-------+----------+-------------------------------------------
     0 | D:1      | Golfball the Gargoyle Fighter began the quest for the Orb.
     0 | D:1      | Reached XP level 1. HP: 14/14 MP: 1/1
    34 | D:1      | Reached XP level 2. HP: 10/19 MP: 2/2
   338 | D:1      | Reached skill level 3 in Maces & Flails
   654 | D:1      | Reached XP level 3. HP: 23/23 MP: 3/3
  1339 | D:2      | Reached skill level 4 in Maces & Flails
  1359 | D:2      | Noticed Robin
  1418 | D:2      | Reached XP level 4. HP: 5/28 MP: 4/4
  1427 | D:2      | Slain by a goblin

Skill      XL: |  1  2  3 |
---------------+----------+-----
Maces & Flails | 3 4 |  4.1
Fighting       | |  3.2
Armour         | |  3.2
Shields        | |  3.2

Action                   |  1- 3 |  4- 6 || total
-------------------------+-------+-------++-------
Melee: Flail             |   148 |     6 ||   154
  Use: Potion            |       |     2 ||     2
       Scroll            |       |     1 ||     1
  Eat: Chunk             |     2 |       ||     2
Armor: Scale mail        |    73 |    28 ||   101
Dodge: Dodged            |    41 |    14 ||    55
Block: Shield            |    71 |    17 ||    88
